FIQ, neutral male scurrid Tourist -------- ---------......... --- ---------...............` .....--- ---------..............)...............>=.--- ---------..................a........................--- -......................)...ar.........................- -.......................!........%..............................- |..................................?......................................| |.}..................?......?...).......................................}.| |..%.......+...............?.........................(................(...| ---.........(.....................................................--------- ---.....................................................--------- ---...........................<..............)--------- ---%................................--------- ---.......................-------- ---...}.........-------- ---.. -------- --- FIQ the Rambler Experience level: 1 Strength: 12 Dexterity: 13 Constitution: 14 Intelligence: 13 Wisdom: 10 Charisma: 13 Health: 0(9) Energy: 2(2) Def: 0 Gold: 232 Moves: 53 Dungeon seed: ymdcZkuw4qocuzoN Game ID: FIQ_1498603640 Your Inventory: Coins $ - 232 gold pieces Weapons a - 37 uncursed +2 darts (in quiver) Armor e - an uncursed +0 Hawaiian shirt (being worn) Comestibles b - 6 uncursed food rations c - an uncursed tin of lichen d - an uncursed chestnut f - an uncursed candy bar g - 2 uncursed fortune cookies h - 2 uncursed cloves of garlic Scrolls k - 3 uncursed scrolls of magic mapping l - a blessed scroll of magic mapping Potions i - a blessed potion of extra healing j - an uncursed potion of extra healing Wands o - an uncursed wand of secret door detection (0:11) Tools m - an uncursed expensive camera (0:70) n - an uncursed credit card p - an uncursed oil lamp (0:1021) Spells and supernatural/magical abilities: Name Level Category Fail Memory W - pray for help -- divine ? -- Your skills at the end: Miscellaneous Skills wands [Basic] Weapon Skills dart [Basic] Spellcasting Skills Final Attributes: You were devoutly aligned. You had infravision. You were very stealthy. You are dead. Voluntary challenges: You went without food. You did not adorn yourself with jewelry or accessories. You did not cause conflict. You were not invisible. You did not have reflection. You were not displaced. You were an atheist. You never hit with a wielded weapon. You were a pacifist. You did not use tools. You did not use plumbed fixtures. You did not drink any magical draughts. You were illiterate. You never genocided any monsters. You never polymorphed an object. You never changed form. You used no wishes. You never split a pudding. You never wrote Elbereth's name. You never violated your personal moral code. Dungeon overview: The Dungeons of Doom: levels 1 to 13 Level 1 a long staircase Level 2 a fountain Level 3 Level 4 Level 5 Level 6 Level 7 Level 8 Level 9 Level 10 Level 11 Level 12 Level 13 <- You were here History has recorded: On T:1 you entered the Dungeons of Doom to retrieve the Amulet of Yendor! On T:25 you reached level 2 of The Dungeons of Doom. On T:28 you reached level 3 of The Dungeons of Doom. On T:30 you reached level 4 of The Dungeons of Doom. On T:32 you reached level 5 of The Dungeons of Doom. On T:34 you reached level 6 of The Dungeons of Doom. On T:37 you reached level 7 of The Dungeons of Doom. On T:39 you reached level 8 of The Dungeons of Doom. On T:41 you reached level 9 of The Dungeons of Doom. On T:43 you reached level 10 of The Dungeons of Doom. On T:47 you reached level 11 of The Dungeons of Doom. On T:49 you reached level 12 of The Dungeons of Doom. On T:52 you reached level 13 of The Dungeons of Doom. Score breakdown: Gold: 0 ( 0 points) Experience: 1 level ( 0 points) Exploration: 13 levels ( 360 points) Discoveries: 0 items ( 0 points) Variety of kills: 0 monsters ( 0 points) Major goal: (nothing yet) ( 0 points) Survival: died (score multiplied by 3) Total score: 1080 Latest messages: The iguana bites! You have no weapon equipped. You start digging downward. The iguana bites! You continue digging downward. You dig a pit in the floor. You continue digging downward. You dig a hole through the floor. You fall through... You start digging downward. You continue digging downward. You dig a pit in the floor. You continue digging downward. You dig a hole through the floor. You fall through... You start digging downward. You continue digging downward. You dig a pit in the floor. You continue digging downward. You dig a hole through the floor. You fall through... You start digging downward. You continue digging downward. You dig a pit in the floor. The killer bee stings! You die... Final status: Aloha FIQ the Tourist, killed by a killer bee... You died in The Dungeons of Doom on dungeon level 13 with 1080 points, and 232 pieces of gold, after 53 moves. You were level 1 with a maximum of 9 hit points when you died.